Map: Simulacrum LE

Players

prospeKt - Winner!

  • Race: Zerg Zerg
  • League: Platinum
  • Spawn Location: 11:00

sneak

  • Race: Zerg Zerg
  • League: Platinum
  • Spawn Location: 5:00

VOD

Have the link to the VOD?

Description

Time

  • Played on: June 9, 2020, 4:56 a.m.
  • Length: 14:46
Show
View Real Time Build Order
Export as new Build Order

prospeKt Zerg - Winner!

Build Orders: Hatch First, Lurkers 

Get SALT Encoding   

  12  0:00  Drone  
  13  0:12  Overlord  
  13  0:20  Drone  
  14  0:31  Drone x2  
  14  0:34  Drone  
  17  0:56  Hatchery  
  16  1:01  Drone x2  
  18  1:14  Spawning Pool  
  18  1:18  Drone  
  18  1:26  Drone  
  18  1:29  Drone  
  18  1:32  Extractor  
  19  1:40  Drone  
  20  1:53  Drone  
  21  2:00  Overlord  
  21  2:11  Queen x2  
  21  2:12  Drone x2  
  27  2:20  Drone  
  28  2:24  Drone  
  29  2:31  Overlord  
  29  2:36  Drone  
  30  2:41  Zergling x2  
  31  2:45  Zergling x2  
  32  2:55  Overlord  
  32  2:59  Spine Crawler  
  32  3:04  Drone x2  
  32  3:15  Drone  
  32  3:16  Drone x2  
  32  3:18  Lair  
  32  3:19  Queen  
  37  3:30  Drone  
  37  3:31  Drone  
  39  3:41  Drone x2  
  41  3:42  Overlord  
  41  3:44  Drone  
  41  3:45  Drone  
  43  3:53  Zergling x2  
  43  3:56  Overlord  
  43  4:05  Roach Warren  
  43  4:09  Zergling x12  
  47  4:27  Spine Crawler  
  47  4:28  Zergling x12  
  49  4:39  Drone, Extractor  
  49  4:46  Drone  
  49  4:47  Evolution Chamber, Drone x3  
  49  4:50  Extractor  
  51  4:53  Extractor  
  50  5:04  Glial Reconstitution  
  50  5:05  Roach x2  
  50  5:06  Roach  
  56  5:11  Drone x3  
  56  5:13  Drone  
  60  5:21  Overlord  
  60  5:22  Overlord  
  60  5:29  Hatchery  
  59  5:36  Zerg Missile Weapons Level 1  
  59  5:37  Drone  
  60  5:53  Drone  
  60  5:54  Drone x8  
  68  6:12  Roach x4  
  68  6:13  Overlord x3  
  65  6:41  Roach x8  
  73  6:50  Roach x3  
  58  6:56  Roach x2  
  54  7:05  Roach x5  
  54  7:06  Roach  
  54  7:07  Drone x2  
  66  7:14  Roach  
  66  7:15  Roach x2  
  66  7:26  Drone x3  
  69  7:34  Zerg Ground Armor Level 1  
  69  7:38  Drone  
  69  7:39  Queen  
  69  7:40  Queen  
  69  7:43  Drone x7  
  81  7:47  Overseer  
  81  7:54  Spine Crawler  
  81  7:55  Spine Crawler  
  81  7:56  Spine Crawler  
  81  7:57  Drone x4  
  82  8:11  Drone x5  
  87  8:21  Hydralisk Den  
  87  8:22  Drone  
  87  8:23  Evolution Chamber, Drone  
  88  8:34  Drone x7  
  94  8:52  Zerg Missile Weapons Level 2, Grooved Spines  
  94  8:58  Drone x6  
  100  9:25  Queen  
  100  9:27  Drone x10  
  100  9:28  Overlord  
  100  9:29  Overlord  
  100  9:34  Drone  
  98  9:49  Drone  
  98  9:50  Drone x6  
  98  9:51  Extractor  
  104  9:53  Extractor  
  103  10:15  Hydralisk x6  
  115  10:25  Hatchery  
  114  10:30  Hatchery  
  113  10:37  Drone x4  
  113  10:39  Hydralisk  
  113  10:40  Hydralisk  
  113  10:42  Overlord x3  
  121  10:57  Drone  
  122  11:06  Spine Crawler  
  122  11:09  Spine Crawler  
  122  11:10  Spore Crawler  
  119  11:11  Spine Crawler  
  119  11:14  Spore Crawler  
  119  11:15  Spine Crawler  
  116  11:28  Lurker Den  
  116  11:30  Infestation Pit  
  114  11:36  Drone  
  114  11:37  Drone x7  
  114  11:38  Drone  
  123  11:42  Overlord  
  123  11:44  Hydralisk  
  125  11:54  Hydralisk x8  
  141  12:04  Hydralisk x5  
  151  12:11  Hydralisk x3  
  151  12:13  Extractor  
  151  12:14  Overlord x2, Extractor  
  155  12:16  Zerg Ground Armor Level 2  
  155  12:18  Hive  
  155  12:22  Muscular Augments  
  155  12:24  Hydralisk x5  
  155  12:28  Drone  
  166  12:45  Ravager  
  166  12:46  Lurker  
  166  12:47  Lurker x8  
  166  12:48  Lurker x3  
  179  12:58  Hydralisk x4  
  152  13:10  Hydralisk  
  152  13:11  Hydralisk x3  
  132  13:13  Drone  
  132  13:14  Drone x13  
  135  13:33  Drone x5  
  140  13:34  Hydralisk  
  140  13:35  Hydralisk x3  
  137  14:19  Hydralisk x10  
  137  14:20  Hydralisk x6  
Show
View Real Time Build Order
Export as new Build Order

sneak Zerg 

Build Orders: Hatch First 

Get SALT Encoding   

  12  0:03  Drone  
  13  0:12  Overlord  
  13  0:17  Drone  
  14  0:31  Drone x2  
  16  0:52  Hatchery, Drone  
  16  1:07  Spawning Pool  
  15  1:12  Drone  
  15  1:14  Drone  
  15  1:18  Extractor  
  16  1:23  Drone  
  16  1:25  Drone  
  18  1:35  Overlord  
  18  1:45  Drone  
  19  1:51  Extractor  
  18  2:00  Zergling x2  
  19  2:04  Zergling x2  
  19  2:05  Zergling x2  
  19  2:06  Queen  
  19  2:08  Queen  
  23  2:15  Zergling x2  
  26  2:17  Zergling x2  
  27  2:34  Overlord  
  27  2:36  Drone x2  
  29  3:10  Zergling x8  
  29  3:11  Zergling x4  
  32  3:13  Metabolic Boost  
  32  3:22  Zergling x4  
  34  3:35  Zergling x4  
  34  3:36  Baneling Nest  
  35  3:48  Drone x2  
  37  4:01  Drone x6  
  37  4:02  Drone  
  42  4:22  Drone  
  42  4:23  Drone x3  
  44  4:26  Zergling x2  
  40  4:33  Zergling x6  
  40  4:35  Zergling x2  
  43  4:40  Overlord  
  43  4:52  Overlord x2  
  43  5:04  Zergling x2  
  43  5:05  Zergling x14  
  43  5:06  Baneling x4  
  51  5:09  Zergling x2  
  52  5:19  Lair  
  52  5:27  Baneling  
  52  5:44  Zergling x14  
  52  5:45  Zergling x4  
  61  5:55  Zergling x2  
  61  5:56  Zergling x8  
  66  6:10  Zergling x4  
  68  6:17  Overlord x2  
  68  6:18  Overlord  
  68  6:20  Baneling x2  
  68  6:21  Baneling x2  
  57  6:40  Zergling x2  
  57  6:41  Zergling x8  
  55  6:54  Zergling x12  
  57  7:06  Zergling x4  
  54  7:13  Evolution Chamber  
  48  7:16  Evolution Chamber  
  48  7:21  Zergling x6  
  45  7:36  Drone  
  45  7:37  Drone x5  
  48  7:39  Roach Warren  
  49  7:54  Hatchery  
  48  8:06  Zerg Missile Weapons Level 1  
  48  8:07  Zerg Ground Armor Level 1  
  48  8:10  Extractor  
  44  9:28  Roach x12  
  61  9:40  Roach  
  61  9:41  Roach x2  
  67  9:56  Roach  
  67  9:57  Roach x2  
  73  10:08  Roach x3  
  73  10:12  Roach  
  73  10:13  Roach  
  73  10:14  Roach  
  85  10:27  Overlord x2  
  85  10:29  Roach x3  
  85  10:30  Roach x2  
  95  10:37  Roach  
  95  10:41  Zerg Missile Weapons Level 2, Hatchery  
  96  10:43  Zerg Ground Armor Level 2  
  96  10:44  Roach  
  96  10:45  Overlord x2  
  100  10:50  Roach  
  100  10:51  Roach  
  102  10:59  Roach  
  102  11:03  Roach x2  
  102  11:04  Roach x4  
  116  11:05  Overlord  
  116  11:12  Roach  
  116  11:13  Roach  
  116  11:16  Roach  
  116  11:17  Roach  
  124  11:22  Roach  
  124  11:23  Roach x2  
  130  11:27  Roach  
  130  11:29  Roach  
  130  11:32  Roach x2  
  138  11:33  Overlord  
  138  11:34  Overlord  
  138  11:47  Overlord x2  
  138  11:53  Roach x2  
  138  11:54  Roach x5  
  148  12:01  Roach  
  154  12:02  Roach x2  
  154  12:04  Roach  
  160  12:10  Roach x3  
  166  12:16  Roach  
  166  12:17  Roach x2  
  172  12:33  Roach  
  172  12:34  Roach  
  172  12:35  Overlord x5  
  174  12:55  Burrow  
  174  12:56  Roach x6  
  160  13:05  Roach x3  
  104  13:13  Roach  
  104  13:15  Roach x2  
  72  13:29  Roach  
  72  13:30  Roach  
  72  13:33  Roach x3  
  80  13:36  Roach  
  80  13:37  Overseer  
  80  13:39  Overseer  
  82  13:49  Roach x3  
  58  14:14  Roach x4  
  58  14:15  Roach x2  
  60  14:21  Roach  
  42  14:26  Roach  
Tags
 
Add a new tag
Caveats
  • Supply blocks, unpowered buildings, or Contaminate may cause inaccurate times.
  • Supply counts are checked every 10 seconds.